[Event "Team 45 45 League T69"]
[Site "Internet Chess Club"]
[Date "2016.06.29"]
[Round "4"]
[White "bss2005"]
[Black "f5"]
[Result "1-0"]
[WhiteElo "1944"]
[BlackElo "2077"]
[Opening "Ruy Lopez: Marshall counter-attack, 11...c6"]
[ECO "C89"]
[Time "22:02:09"]
[TimeControl "2700+45"]

1. e4 e5 2. Nf3 Nc6 3. Bb5 a6 4. Ba4 Nf6 5. O-O Be7 6. Re1 b5 7. Bb3 O-O 8. c3
d5 9. exd5 Nxd5 10. Nxe5 Nxe5 11. Rxe5 c6 12. d3 Bd6 13. Re1 Bf5 14. Qf3 Re8 15.
Rxe8+ Qxe8 16. Nd2 Qe1+ 17. Nf1 Bg6 18. g3 Re8 19. Bd1 Nf6 20. Bd2 Qe6 21. Qxc6
Bxd3 22. Bf3 Bb8 23. Qxe6 Rxe6 24. Be3 Bc7 25. Nd2 Nd7 26. Nb3 Ne5 27. Bb7 Bc4
28. Nc5 Rg6 29. Nxa6 Bd6 30. Be4 Re6 31. b3 Be2 32. Bd5 Rg6 33. Nc5 Nf3+ 34. Kg2
Nh4+ 35. Kh1 Nf5 36. Re1 Nxe3 37. Rxe2 Bxc5 38. fxe3 Rd6 39. e4 Kf8 40. Kg2 f6
41. Kf3 Ra6 42. Rd2 Ke7 43. Ke2 Bd6 44. Kd1 Be5 45. Rc2 h6 46. Kc1 Kd6 47. b4 f5
48. Kb2 f4 49. gxf4 Bxf4 50. c4 bxc4 51. Bxc4 Ra7 52. Kb3 Rc7 53. Rf2 Ke5 54.
Bd5 Rc1 55. b5 Rb1+ 56. Ka4 Bg5 57. Ka5 Bd8+ 58. Ka6 Rb4 59. Rf8 Ra4+ 60. Kb7
Bg5 61. Re8+ Kd6 62. b6 Be3 63. Re6+ Kc5 64. Rc6+ Kb5 65. Rc3 Bd4 66. Bc6+ Ka5
67. Rb3 Rc4 68. Rb5+ Ka4 69. Rc5+ Kb4 70. Rxc4+ Kxc4 71. Kc8 Be5 72. b7 Kc5 73.
Bd5 Bxh2 74. a4 g5 75. b8=Q Bxb8 76. Kxb8 h5 77. a5 h4 78. a6 h3 79. a7 h2 80.
e5 Kxd5 81. a8=Q+ Kxe5 82. Qg2 Kf4 83. Qxh2+ Kf3 84. Qh3+ Kf4 85. Qg2 g4 86. Kc7
g3 87. Kd6 {Black resigns} 1-0

[Event "Team 45 45 League T69"]
[Site "Internet Chess Club"]
[Date "2016.07.01"]
[Round "4"]
[White "Freitac"]
[Black "Vinesh1234"]
[Result "1-0"]
[WhiteElo "1975"]
[BlackElo "1668"]
[Opening "King's Indian: Sämisch, 5...O-O"]
[ECO "E81"]
[Time "17:11:06"]
[TimeControl "2700+45"]

1. d4 Nf6 2. c4 g6 3. Nc3 Bg7 4. e4 d6 5. f3 O-O 6. Be3 c5 7. Nge2 Nc6 8. d5 Ne5
9. Ng3 h5 10. Be2 h4 11. Nf1 e6 12. f4 Ned7 13. dxe6 Nb6 14. exf7+ Rxf7 15. e5
Ne8 16. Bxc5 h3 17. g3 Rd7 18. Bxb6 Qxb6 19. Qd5+ Kh8 20. Qe6 Qxb2 21. Qxe8+
{Black forfeits on time} 1-0

[Event "Team 45 45 League T69"]
[Site "Internet Chess Club"]
[Date "2016.07.02"]
[Round "4"]
[White "gomeschess"]
[Black "Heian"]
[Result "1-0"]
[WhiteElo "2027"]
[BlackElo "1659"]
[Opening "Ruy Lopez: Classical defense deferred"]
[ECO "C70"]
[Time "12:34:15"]
[TimeControl "2700+45"]

1. e4 e5 2. Nf3 Nc6 3. Bb5 a6 4. Ba4 Bc5 5. O-O b5 6. Bb3 d6 7. c3 Qf6 8. h3 h6
9. d4 exd4 10. Bd5 Nge7 11. cxd4 Bxd4 12. Nxd4 Qxd4 13. Qxd4 Nxd4 14. Bxa8 Nc2
15. Bf4 Nxa1 16. Rc1 O-O 17. Nd2 Ng6 18. Be3 Bd7 19. Bc6 Bxc6 20. Rxc6 Ne5 21.
Rxc7 Nd3 22. Rc3 Nb4 23. Rc1 Nbc2 24. Nf1 Rc8 25. b3 Re8 26. f3 d5 27. exd5 Nxe3
28. Nxe3 Rxe3 29. Kf2 Rd3 30. Rxa1 Rxd5 31. Re1 Kf8 32. Re2 f6 33. Ke3 Re5+ 34.
Kd3 Rxe2 35. Kxe2 Ke7 36. Ke3 Kd6 37. Kd4 g6 38. b4 Kc6 39. g4 Kd6 40. f4 Kc6
41. h4 Kd6 42. h5 gxh5 43. gxh5 Kc6 44. Ke4 Kd6 45. Kf5 Ke7 46. Kg6 Ke6 47. f5+
Ke5 48. a3 Kf4 49. Kxf6 Kg4 50. Kg6 {Black resigns} 1-0

[Event "Team 45 45 League T69"]
[Site "Internet Chess Club"]
[Date "2016.07.04"]
[Round "4"]
[White "JefferyChess"]
[Black "DarthDaver"]
[Result "1/2-1/2"]
[WhiteElo "1926"]
[BlackElo "2043"]
[Opening "French: Tarrasch"]
[ECO "C03"]
[Time "12:11:39"]
[TimeControl "2700+45"]

1. e4 e6 2. d4 d5 3. Nd2 Be7 4. Ngf3 Nf6 5. e5 Nfd7 6. Bd3 c5 7. c3 Nc6 8. O-O
g5 9. dxc5 g4 10. Nd4 Ndxe5 11. N2b3 Nxd3 12. Qxd3 e5 13. Nxc6 bxc6 14. Bh6 f6
15. Bg7 Rg8 16. Qxh7 Be6 17. Qg6+ Kd7 18. Qh7 Kc8 19. Qh6 a5 20. Rfe1 Bd7 21. c4
a4 22. Nd2 Bf8 23. Bxf8 Qxf8 24. Qe3 d4 25. Qa3 Qh6 26. Ne4 Rh8 27. Qg3 Rh7 28.
Rad1 Rb8 29. Nd6+ Kd8 30. b3 axb3 31. axb3 Ra8 32. b4 Ke7 33. Rxd4 Rah8 34. Kf1
Qxh2 35. Qxh2 Rxh2 36. Rd3 Rh1+ 37. Ke2 Rxe1+ 38. Kxe1 Rh1+ 39. Kd2 Rf1 40. b5
cxb5 41. cxb5 Rxf2+ 42. Kc3 Rf1 43. c6 Bxc6 44. bxc6 Rc1+ 45. Kb4 Rxc6 46. Nc4
Ke6 47. Rd8 Kf5 48. Kb5 Rc7 49. Ne3+ Ke6 50. Re8+ Kf7 51. Rh8 Ke6 52. Rg8 Rc1
53. Rxg4 Re1 54. Nc4 f5 55. Rg6+ Kd5 56. Rd6+ Ke4 57. Kc5 Re2 58. Rg6 Rc2 59.
Rg5 Kf4 60. Rg8 e4 61. Kd4 Rf2 62. Rg7 Re2 63. Kc3 Rf2 64. Nd2 Re2 65. g3+ Ke3
66. Nc4+ Kf3 67. Kd4 Rg2 68. Ne5+ Kf2 69. Rg5 Rxg3 70. Rxf5+ Ke2 71. Kxe4 Re3+
72. Kd4 Ra3 73. Nc4 Rd3+ 74. Ke4 Rh3 75. Rf4 Rb3 76. Kd4 Rd3+ 77. Ke4 Rb3 78.
Rh4 Kf2 79. Rf4+ Ke2 80. Rh4 Kf2 81. Rh2+ Kg3 82. Rc2 Rb4 83. Rc3+ Kf2 84. Rc2+
Kg3 85. Rc3+ Kf2 86. Kf4 Ke2 87. Kf5 Rb5+ 88. Ke4 Rb4 89. Rc2+ Kd1 90. Rh2 Rb8
91. Nb2+ Kc1 92. Nd3+ Kd1 93. Ne5 Rd8 94. Ke3 Re8 95. Kd4 Rd8+ 96. Kc3 Rc8+ 97.
Nc4 Ke1 98. Kd4 Rd8+ 99. Ke3 Re8+ 100. Kf3 Rf8+ 101. Ke4 Re8+ 102. Ne5 Kd1 103.
Ra2 Kc1 104. Rf2 Kd1 105. Rg2 Kc1 {Game drawn by mutual agreement} 1/2-1/2

[Event "Team 45 45 League T69"]
[Site "Internet Chess Club"]
[Date "2016.07.04"]
[Round "4"]
[White "alexping"]
[Black "TheRailgun"]
[Result "1/2-1/2"]
[WhiteElo "1956"]
[BlackElo "1881"]
[Opening "Queen's pawn: London system"]
[ECO "A45"]
[Time "13:10:23"]
[TimeControl "2700+45"]

1. d4 Nf6 2. Bf4 g6 3. e3 Bg7 4. Nf3 O-O 5. Nbd2 d6 6. Bc4 c5 7. dxc5 Nh5 8.
cxd6 Nxf4 9. exf4 Qxd6 10. c3 Qxf4 11. Qe2 Nc6 12. Qe4 Qc7 13. O-O Bf5 14. Qe2
Rad8 15. Rfe1 a6 16. Nh4 Bc8 17. Rad1 Na5 18. Bd3 b5 19. Bc2 Bb7 20. Nhf3 b4 21.
Qxe7 Qxe7 22. Rxe7 bxc3 23. bxc3 Bxc3 24. Nb3 Bf6 25. Red7 Rc8 26. Nxa5 Bxf3 27.
gxf3 Rxc2 28. R1d6 Bc3 29. Nc6 Rxa2 30. Ra7 Be1 31. Rxa6 Bxf2+ 32. Kf1 Bc5 33.
Rxa2 Bxd6 34. Rd2 Bf4 35. Re2 Kg7 36. Kg2 Rc8 37. Nb4 Rc5 38. Nd3 Rg5+ 39. Kf1
Bd6 40. Nb2 Rh5 41. Kg1 Rh3 42. Nc4 Bb8 43. Rb2 Ba7+ 44. Kg2 Rh4 45. Nd2 Be3 46.
Nf1 Bd4 47. Rb4 {Game drawn by mutual agreement} 1/2-1/2

[Event "Team 45 45 League T69"]
[Site "Internet Chess Club"]
[Date "2016.06.29"]
[Round "4"]
[White "CaptK"]
[Black "bobhill"]
[Result "0-1"]
[WhiteElo "1836"]
[BlackElo "1823"]
[Opening "QGD: classical variation (5.Bf4)"]
[ECO "D37"]
[Time "21:30:53"]
[TimeControl "2700+45"]

1. d4 d5 2. Nf3 Nf6 3. c4 e6 4. Nc3 Be7 5. Bf4 O-O 6. e3 b6 7. Bd3 dxc4 8. Bxc4
Bb7 9. O-O c5 10. Ne5 Nbd7 11. Bd3 Nxe5 12. dxe5 Nd5 13. Qe2 Nxc3 14. bxc3 g6
15. Bh6 Re8 16. Rad1 Qc7 17. f4 a6 18. Qg4 c4 19. Bc2 Bc5 20. Rde1 Rad8 21. Rf2
b5 22. f5 exf5 23. Bxf5 Qxe5 24. Ref1 Bxe3 25. Bxe3 Qxe3 26. h4 Rd2 27. h5 Rxf2
28. Rxf2 Qh6 29. Rf1 Be4 30. hxg6 Qe3+ 31. Kh1 hxg6 32. Bd7 Re5 33. Qf4 Rh5+ 34.
Bh3 Rxh3+ {White resigns} 0-1

[Event "Team 45 45 League T69"]
[Site "Internet Chess Club"]
[Date "2016.07.01"]
[Round "4"]
[White "Beetlejuice"]
[Black "backrankbrawler"]
[Result "1-0"]
[WhiteElo "1793"]
[BlackElo "1752"]
[Opening "Catalan opening"]
[ECO "E00"]
[Time "13:30:32"]
[TimeControl "2700+45"]

1. d4 Nf6 2. c4 e6 3. g3 d5 4. Nf3 Bb4+ 5. Bd2 a5 6. cxd5 exd5 7. Nc3 O-O 8. Bg2
c6 9. O-O Bf5 10. Rc1 Nbd7 11. h3 h6 12. Re1 Re8 13. Qb3 Bxc3 14. bxc3 b5 15. g4
a4 16. Qd1 Be4 17. Bf4 Bxf3 18. Bxf3 Nb6 19. g5 hxg5 20. Bxg5 Qd6 21. e3 Ne4 22.
Bf4 Qg6+ 23. Bg2 f5 24. Qe2 Kf7 25. Kh1 Rh8 26. Rg1 Qe6 27. f3 Nf6 28. Rge1 Nc4
29. Rc2 Nh5 30. Bh2 g5 31. Qf2 Rae8 32. Rce2 Nd6 33. e4 f4 34. exd5 Qxd5 35. Re5
Rxe5 36. Rxe5 Qc4 37. Rxg5 Qxc3 38. Rc5 Qa1+ 39. Bf1 Nc4 40. Bxf4 Nxf4 41. Rf5+
Ke6 42. Rxf4 Rxh3+ 43. Kg2 Rh8 44. Bxc4+ bxc4 45. Qe3+ Kd7 46. Rf7+ Kc8 47. Qe6+
Kb8 48. Qd6+ Ka8 49. Qxc6+ Kb8 50. Qb7# {Black checkmated} 1-0

[Event "Team 45 45 League T69"]
[Site "Internet Chess Club"]
[Date "2016.07.03"]
[Round "4"]
[White "zap2"]
[Black "calsal"]
[Result "0-1"]
[WhiteElo "1741"]
[BlackElo "1791"]
[Opening "Benko's opening"]
[ECO "A00"]
[Time "12:09:07"]
[TimeControl "2700+45"]

1. g3 d5 2. Bg2 e5 3. Nf3 Bd6 4. O-O Nf6 5. d3 O-O 6. Nbd2 h6 7. e4 c6 8. Qe2
Re8 9. h3 Nbd7 10. Nh4 Nf8 11. c3 Be6 12. Re1 Qd7 13. Kh2 N8h7 14. Nf1 Ng5 15.
f4 exf4 16. gxf4 dxe4 17. dxe4 Nfxe4 18. Bxe4 Nxe4 19. Qxe4 Bxh3 20. Qxe8+ Rxe8
21. Rxe8+ Qxe8 22. Kxh3 Qe1 23. Ng3 Bxf4 24. Bxf4 Qxa1 25. Be5 Qxa2 26. b4 Qe6+
27. Nhf5 Qxe5 28. c4 Qb2 29. b5 cxb5 30. cxb5 Qxb5 31. Kg4 Qa5 32. Ne4 Qb4 33.
Kf4 a5 34. Ke3 a4 35. Nd4 a3 36. Nc2 Qb3+ 37. Kd2 a2 38. Nc3 h5 39. Kc1 Qxc3 40.
Kd1 a1=Q+ 41. Nxa1 Qxa1+ 42. Ke2 Qc3 43. Kf2 b5 44. Ke2 b4 45. Kd1 b3 46. Ke2 b2
47. Kf2 b1=Q 48. Ke2 Qbb2+ {White resigns} 0-1

[Event "Team 45 45 League T69"]
[Site "Internet Chess Club"]
[Date "2016.07.01"]
[Round "4"]
[White "Yedixon"]
[Black "Portola"]
[Result "1-0"]
[WhiteElo "1725"]
[BlackElo "1829"]
[Opening "French: advance, Paulsen attack"]
[ECO "C02"]
[Time "19:05:02"]
[TimeControl "2700+45"]

1. e4 e6 2. d4 d5 3. e5 c5 4. c3 Nc6 5. Nf3 Qb6 6. Be2 Nge7 7. O-O cxd4 8. cxd4
Nf5 9. Nc3 Nfxd4 10. Nxd4 Nxd4 11. Be3 Nxe2+ 12. Qxe2 Qa5 13. Qb5+ Qxb5 14. Nxb5
Kd7 15. Rfc1 Be7 16. Bxa7 Bd8 17. Be3 f6 18. f4 fxe5 19. fxe5 Rf8 20. Rf1 Rxf1+
21. Rxf1 Kc6 22. Nd4+ Kc7 23. Rf7+ Kb8 24. a3 Bc7 25. Nf3 Ra4 26. Rxg7 Re4 27.
Ba7+ Kxa7 28. Rxc7 Kb8 29. Rxh7 Re2 30. g4 Rxb2 31. g5 Rb3 32. Kg2 Rxa3 33. g6
Ra4 34. g7 Rg4+ 35. Kh3 Rg6 36. Nh4 Rg5 37. Nf3 Rg6 38. Kh4 b5 39. Kh5 Rg2 40.
Ng5 Rxh2+ 41. Kg6 {Black resigns} 1-0

[Event "Team 45 45 League T69"]
[Site "Internet Chess Club"]
[Date "2016.07.02"]
[Round "4"]
[White "bradleyguo175"]
[Black "mongmong"]
[Result "1/2-1/2"]
[WhiteElo "1642"]
[BlackElo "1518"]
[Opening "Queen's Indian: 4.g3"]
[ECO "E15"]
[Time "13:14:09"]
[TimeControl "2700+45"]

1. d4 e6 2. c4 Nf6 3. Nf3 b6 4. g3 c6 5. Bg2 d5 6. b3 Bb4+ 7. Bd2 Be7 8. O-O O-O
9. Nc3 Ba6 10. cxd5 cxd5 11. Rc1 Nbd7 12. Re1 Ba3 13. Rc2 Qe7 14. Bg5 h6 15. Bf4
Rfc8 16. Nb1 Bb4 17. Bd2 Bxd2 18. Nbxd2 Rxc2 19. Qxc2 Rc8 20. Qb2 Qd8 21. e3 Rc7
22. Rc1 Qc8 23. Rxc7 Qxc7 24. Bf1 Bxf1 25. Kxf1 Ne8 26. Nb1 Nd6 27. Qc3 Qxc3 28.
Nxc3 a6 29. a4 Kf8 30. Ke2 Ke7 31. Kd3 Nc8 32. b4 Kd6 33. b5 a5 {Game drawn by
mutual agreement} 1/2-1/2

[Event "Team 45 45 League T69"]
[Site "Internet Chess Club"]
[Date "2016.07.01"]
[Round "4"]
[White "BrerRabbit"]
[Black "drsigmund1"]
[Result "0-1"]
[WhiteElo "1457"]
[BlackElo "1500"]
[Opening "Queen's pawn"]
[ECO "A40"]
[Time "19:01:28"]
[TimeControl "2700+45"]

1. d4 e6 2. Bf4 f5 3. e3 Nf6 4. Nf3 b6 5. c4 Bb4+ 6. Nc3 Ne4 7. Qc2 Bb7 8. Be2
O-O 9. O-O d6 10. Nxe4 fxe4 11. Nd2 d5 12. cxd5 Bxd2 13. Qxd2 exd5 14. Rac1 c6
15. Bd1 Nd7 16. b4 Rc8 17. Ba4 b5 18. Bd1 Nb6 19. Bg4 Ra8 20. Bd1 Nc4 21. Qe2 a5
22. Bb3 axb4 23. Bxc4 bxc4 24. Rb1 b3 25. axb3 cxb3 26. Rxb3 Ba6 27. Qg4 Bxf1
28. Be5 Qe7 29. Kxf1 Ra1+ 30. Ke2 Ra2+ 31. Kf1 Rfxf2+ 32. Ke1 Rfe2+ 33. Kd1 Rf2
34. Rb8+ Rf8 35. Rxf8+ Qxf8 36. Bf4 Qe8 37. Be5 Ra7 38. Ke1 Rf7 39. g3 Qa8 40.
Qd1 Qa5+ 41. Ke2 Qb5+ 42. Ke1 Rf1+ {White resigns} 0-1

[Event "Team 45 45 League T69"]
[Site "Internet Chess Club"]
[Date "2016.07.03"]
[Round "4"]
[White "WOLFSPELZ"]
[Black "SimplyAbed"]
[Result "0-1"]
[WhiteElo "1438"]
[BlackElo "1442"]
[Opening "Queen's pawn: London system"]
[ECO "A45"]
[Time "18:00:23"]
[TimeControl "2700+45"]

1. d4 Nf6 2. Bf4 d6 3. e3 g6 4. h3 Bg7 5. Nf3 O-O 6. Be2 c5 7. c3 cxd4 8. exd4
b6 9. O-O Bb7 10. Nbd2 Nd5 11. Bh2 Nd7 12. Re1 N7f6 13. Rb1 Nh5 14. c4 Ndf4 15.
Bf1 Ne6 16. Nb3 Rc8 17. d5 Nc5 18. Nbd4 Nd7 19. b4 Nhf6 20. b5 Ne5 21. Nc6 Nxc6
22. bxc6 Ba8 23. a4 Re8 24. Nd4 e5 25. Nb5 a6 26. Na3 Bh6 27. Nc2 Qc7 28. Qf3
Bg5 29. Bd3 h6 30. g3 Nh7 31. h4 Bd2 32. Re2 Ba5 33. g4 Qd8 34. Bg3 Nf6 35. Nb4
Qe7 36. Be4 Nxe4 37. Rxe4 Rf8 38. h5 f5 39. gxf5 gxf5 40. Re2 Qg5 41. Kh1 e4 42.
Qf4 Qxh5+ 43. Kg2 Qxe2 44. Qxh6 Qf3+ 45. Kg1 Qg4 46. Qe6+ Kh7 47. Kg2 Qf3+ 48.
Kg1 Bxb4 49. Qe7+ Kg6 50. Qe6+ Kg5 51. Qe7+ Rf6 52. Qg7+ Rg6 53. Qh7 f4 54. Qe7+
Kh6 55. Qh4+ Kg7 56. Qe7+ Kg8 57. c7 Rxg3+ 58. fxg3 Bc5+ 59. Kh2 Qxg3+ 60. Kh1
Qh3# {White checkmated} 0-1

[Event "Team 45 45 League T69"]
[Site "Internet Chess Club"]
[Date "2016.06.28"]
[Round "4"]
[White "Mitochondria"]
[Black "Innes"]
[Result "1-0"]
[WhiteElo "1545"]
[BlackElo "1518"]
[Opening "QGD Slav: 3.Nf3"]
[ECO "D11"]
[Time "21:00:13"]
[TimeControl "2700+45"]

1. d4 d5 2. c4 c6 3. Nf3 a6 4. Bf4 Nf6 5. e3 e6 6. Bg5 Nbd7 7. Nc3 Bb4 8. cxd5
exd5 9. Bd3 Qa5 10. Qc1 Ne4 11. Bxe4 dxe4 12. Ne5 Nxe5 13. dxe5 Qxe5 14. Bf4 Qf6
15. O-O Qg6 16. Rd1 Bg4 17. Rd4 Bxc3 18. Qxc3 O-O 19. Rd6 f6 20. Qc4+ Kh8 21.
Qd4 h5 22. Rc1 h4 23. b3 Bf3 24. g3 Qg4 25. Kf1 Qh3+ 26. Ke1 Qxh2 27. Kd2 Qxf2+
28. Kc3 h3 29. Rc2 Qe1+ 30. Kb2 Qg1 31. g4 Qxg4 32. Rh2 Bg2 33. Qd2 Rae8 34. Qc3
Rd8 35. Qc5 Qe2+ 36. Ka3 Qb5 37. Qd4 Rxd6 38. Qxd6 Re8 39. Qd7 Qa5+ 40. Kb2 Rd8
41. Rxh3+ Bxh3 42. Qxh3+ Kg8 43. Qe6+ Kf8 44. Bd6+ Rxd6 45. Qxd6+ Kf7 46. Qd7+
Kg6 47. Qg4+ Qg5 48. Qxe4+ Qf5 49. Qe8+ Kg5 50. Qf7 Qe5+ 51. Ka3 g6 52. Qxb7 Qb5
53. Qc7 Qc5+ 54. Kb2 Qe5+ 55. Qxe5+ fxe5 56. Kc2 e4 57. a4 Kf5 58. Kd2 a5 59. b4
Ke5 60. bxa5 Kd6 61. Kc3 Kc7 62. Kd4 Kb7 63. Kxe4 Ka6 64. Kd4 Kxa5 65. e4 g5 66.
e5 g4 67. e6 g3 68. e7 g2 69. e8=Q g1=Q+ 70. Kc4 Qc1+ 71. Kb3 Qd1+ 72. Kb2 Qd4+
73. Kc1 Qxa4 74. Qd8+ Kb4 75. Qd2+ Kc5 76. Qg5+ Kc4 77. Qf4+ Kc3 78. Qxa4 {Black
resigns} 1-0

[Event "Team 45 45 League T69"]
[Site "Internet Chess Club"]
[Date "2016.07.03"]
[Round "4"]
[White "Electryon"]
[Black "Scorpius"]
[Result "0-1"]
[WhiteElo "1449"]
[BlackElo "1365"]
[Opening "Queen's pawn: London system"]
[ECO "A45"]
[Time "21:01:49"]
[TimeControl "2700+45"]

1. d4 Nf6 2. Bf4 d6 3. e3 Nbd7 4. Nf3 c6 5. c3 Qb6 6. Qb3 Nd5 7. Bg3 g6 8. Nbd2
N7f6 9. h3 Bf5 10. Be2 Bg7 11. O-O O-O 12. Nh4 Qxb3 13. Nxb3 Bc2 14. Nd2 g5 15.
Nhf3 h6 16. Rac1 Bg6 17. a3 Ne4 18. Nxe4 Bxe4 19. Nd2 Bg6 20. e4 Nf4 21. Bxf4
gxf4 22. g3 e5 23. dxe5 Bxe5 24. Kg2 b5 25. Bf3 a5 26. Nb3 Rfe8 27. Rfe1 fxg3
28. fxg3 b4 29. axb4 axb4 30. Nd4 bxc3 31. bxc3 Ra2+ 32. Re2 Rxe2+ 33. Nxe2 c5
34. Nf4 Bxf4 35. gxf4 Bxe4 36. Bxe4 Rxe4 37. Kf3 Rc4 38. Kg4 Kg7 39. Kf5 d5 40.
Rg1+ Kh7 41. Rd1 Rxc3 42. Rxd5 Rxh3 43. Kf6 Rf3 44. f5 c4 45. Rd7 Kg8 46. Rxf7
Rxf5+ 47. Kxf5 Kxf7 48. Ke4 Kf6 49. Kd4 Kf5 50. Kxc4 Ke4 51. Kc3 Ke3 52. Kc2 Ke2
53. Kc1 h5 54. Kc2 h4 55. Kc3 h3 56. Kd4 h2 57. Ke4 h1=Q+ {White resigns} 0-1

[Event "Team 45 45 League T69"]
[Site "Internet Chess Club"]
[Date "2016.06.30"]
[Round "4"]
[White "WascallyWabbit"]
[Black "clarinetref"]
[Result "1/2-1/2"]
[WhiteElo "1514"]
[BlackElo "1606"]
[Opening "Bird's opening"]
[ECO "A02"]
[Time "22:01:31"]
[TimeControl "2700+45"]

1. f4 c5 2. b3 Nc6 3. Bb2 d5 4. e3 a6 5. Nf3 Bg4 6. h3 Bxf3 7. Qxf3 Qc7 8. Qxd5
Nb4 9. Qc4 b5 10. Qe4 Rc8 11. a3 Nc6 12. Nc3 Nf6 13. Qf3 e5 14. Nd5 Nxd5 15.
Qxd5 Rd8 16. Qe4 Bd6 17. Bd3 g6 18. O-O f5 19. Qf3 Rf8 20. e4 exf4 21. exf5 gxf5
22. Rae1+ Kd7 23. Qd5 Kc8 24. Bxf5+ Kb8 25. Be4 Kb7 26. Qxc6+ Qxc6 27. Bxc6+
Kxc6 28. Re6 Kb7 {Game drawn by mutual agreement} 1/2-1/2

[Event "Team 45 45 League T69"]
[Site "Internet Chess Club"]
[Date "2016.07.03"]
[Round "4"]
[White "kutch"]
[Black "mongmong"]
[Result "1-0"]
[WhiteElo "1511"]
[BlackElo "1508"]
[Opening "Nimzo-Indian: classical variation"]
[ECO "E32"]
[Time "19:03:39"]
[TimeControl "2700+45"]

1. d4 e6 2. c4 Nf6 3. Nc3 Bb4 4. Qc2 O-O 5. a3 Bxc3+ 6. Qxc3 h6 7. Bf4 d6 8. e3
b6 9. Bd3 Bb7 10. f3 Nbd7 11. Ne2 Qe7 12. e4 e5 13. dxe5 Nxe5 14. Bc2 Ng6 15.
Bg3 Nh5 16. Bf2 Nhf4 17. Nxf4 Nxf4 18. Kd2 Rfd8 19. g3 Ng6 20. Rad1 f6 21. Kc1
Ne5 22. Rhe1 Kh8 23. h3 a5 24. f4 Nf7 25. Bd4 Re8 26. Qd3 Kg8 27. g4 g5 28. e5
fxe5 29. Qg6+ Kf8 30. fxe5 Nxe5 31. Bxe5 Qxe5 {Black resigns} 1-0

[Event "Team 45 45 League T69"]
[Site "Internet Chess Club"]
[Date "2016.07.04"]
[Round "4"]
[White "dabodhi"]
[Black "MartyJR"]
[Result "1-0"]
[WhiteElo "1452"]
[BlackElo "1445"]
[Opening "Sicilian: closed"]
[ECO "B24"]
[Time "16:00:36"]
[TimeControl "2700+45"]

1. e4 c5 2. Nc3 Nc6 3. g3 d6 4. Bg2 Nf6 5. d3 g6 6. Be3 Bg7 7. Qd2 O-O 8. Nf3 e5
9. Bh6 Nd4 10. Nxd4 cxd4 11. Bxg7 dxc3 12. Qxc3 Kxg7 13. O-O Kg8 14. d4 Re8 15.
dxe5 dxe5 16. Rad1 Qb6 17. Rd2 Bd7 18. Rfd1 Bc6 19. Re1 Rad8 20. Rxd8 Qxd8 21.
f3 Qd4+ 22. Qxd4 exd4 23. Rd1 Rd8 24. c3 d3 25. Rd2 Bb5 26. Bf1 Nd7 27. Kf2 Ne5
28. Ke3 g5 29. Kf2 h6 30. b3 a5 31. c4 Ba6 32. Ke3 Kg7 33. h3 f6 34. f4 gxf4+
35. gxf4 Nc6 36. a3 b6 37. Bxd3 Bc8 38. Rg2+ Kf7 39. h4 Rg8 40. Rxg8 Kxg8 41. c5
Kf7 42. Bc4+ Kg6 43. cxb6 Kh5 44. Bd5 Nb8 45. b7 Bd7 46. Kd4 Kg6 47. Kc5 Kg7 48.
Kd6 Bg4 49. Kc7 Na6+ 50. Kb6 Nb8 51. Ka7 Nd7 52. Bc6 {Black resigns} 1-0

[Event "Team 45 45 League T69"]
[Site "Internet Chess Club"]
[Date "2016.07.01"]
[Round "4"]
[White "Aquaman"]
[Black "smsxman"]
[Result "0-1"]
[WhiteElo "1341"]
[BlackElo "1345"]
[Opening "Réti opening"]
[ECO "A04"]
[Time "21:01:08"]
[TimeControl "2700+45"]

1. Nf3 Nc6 2. g3 d5 3. Bg2 e5 4. d3 Nf6 5. Nbd2 Bc5 6. O-O Ng4 7. e3 O-O 8. h3
Nf6 9. a3 e4 10. dxe4 dxe4 11. Ng5 Bf5 12. Ngxe4 Bb6 13. Nxf6+ Qxf6 14. Rb1 Rab8
15. b4 Rfd8 16. Rb2 Qc3 17. Qe2 Qxa3 18. Nc4 Qc3 19. Bd2 Qf6 20. c3 Bd3 21. Qf3
Bxc4 22. Re1 Qxf3 23. Bxf3 Ne5 24. Be4 Bd3 25. f3 Bxe4 26. fxe4 Nf3+ 27. Kf2
Nxd2 28. e5 Ne4+ 29. Kf3 Nxc3 30. Rc2 Nd5 31. Rc4 c6 32. e4 Ne7 33. Kg4 Ng6 34.
Kf5 h6 35. h4 Bf2 36. Re2 Bxg3 37. e6 Ne7+ 38. Kg4 Bc7 39. exf7+ Kxf7 40. Rf2+
Kg8 41. Re2 Ng6 42. Rcc2 Rf8 43. Re1 Rf4+ 44. Kh5 Kh7 45. Rh1 Rxe4 46. Rg2 Nf4+
{White resigns} 0-1

[Event "Team 45 45 League T69"]
[Site "Internet Chess Club"]
[Date "2016.07.03"]
[Round "4"]
[White "fireball"]
[Black "Tjet"]
[Result "1/2-1/2"]
[WhiteElo "1582"]
[BlackElo "1408"]
[Opening "Philidor: exchange variation"]
[ECO "B07"]
[Time "18:07:47"]
[TimeControl "2700+45"]

1. e4 d6 2. d4 e5 3. Nf3 exd4 4. Bc4 Nf6 5. Bg5 Be7 6. Qxd4 Nc6 7. Qd3 O-O 8.
O-O Be6 9. Bxe6 fxe6 10. Qb3 Qd7 11. Qxb7 Rab8 12. Qa6 Rxb2 13. Qd3 Rfb8 14. a3
Kh8 15. Nc3 Qd8 16. Rfd1 Nd7 17. Bxe7 Qxe7 {Game drawn by mutual agreement}
1/2-1/2

[Event "Team 45 45 League T69"]
[Site "Internet Chess Club"]
[Date "2016.06.30"]
[Round "4"]
[White "OGO"]
[Black "bardu"]
[Result "1-0"]
[WhiteElo "1513"]
[BlackElo "1415"]
[Opening "Ruy Lopez: closed, Chigorin defense"]
[ECO "C97"]
[Time "13:02:45"]
[TimeControl "2700+45"]

1. e4 e5 2. Nf3 Nc6 3. Bb5 a6 4. Ba4 Nf6 5. O-O Be7 6. Re1 b5 7. Bb3 d6 8. c3
O-O 9. h3 Na5 10. Bc2 c5 11. d4 Qc7 12. d5 Bd7 13. b3 Ne8 14. Bb2 g6 15. Nbd2
Ng7 16. Rc1 Nb7 17. a3 Nd8 18. c4 bxc4 19. Nxc4 Bb5 20. Bb1 Rb8 21. Qd2 Qb7 22.
Qh6 Bxc4 23. Rxc4 Qxb3 24. Rc2 Nh5 25. Re3 Qa4 26. Ng5 Bxg5 27. Qxg5 Nf4 28. Qf6
Qd7 29. g4 h5 30. Rf3 hxg4 31. Rxf4 exf4 32. Qg7# {Black checkmated} 1-0

[Event "Team 45 45 League T69"]
[Site "Internet Chess Club"]
[Date "2016.06.29"]
[Round "4"]
[White "Gilguli"]
[Black "jjaillet2007"]
[Result "1-0"]
[WhiteElo "1400"]
[BlackElo "1250"]
[Opening "French defense"]
[ECO "C00"]
[Time "15:01:21"]
[TimeControl "2700+45"]

1. e4 e6 2. Bc4 Nc6 3. Nf3 Na5 4. Bb3 Nxb3 5. axb3 d5 6. Qe2 dxe4 7. Qxe4 Nf6 8.
Qe3 Bd6 9. Rxa7 Rxa7 10. Qxa7 O-O 11. O-O Qd7 12. c4 Qc6 13. Nc3 Bc5 14. Qa4 Bd7
15. Qxc6 Bxc6 16. Ne5 Be8 17. d3 Bd4 18. Nf3 Bxc3 19. bxc3 b6 20. Ba3 c5 21. d4
Bc6 22. Ne5 Rc8 23. Nxc6 Rxc6 24. dxc5 bxc5 25. Rd1 h5 26. Rd8+ Kh7 27. f3 g5
28. Bc1 Kg6 29. Kf2 g4 30. h4 gxh3 31. gxh3 e5 32. Rh8 Kf5 33. h4 e4 34. Rh6 Re6
35. Bg5 exf3 36. Rxf6+ Rxf6 37. Bxf6 Kxf6 38. Kxf3 Kf5 39. b4 cxb4 40. cxb4 Ke5
41. c5 Kd5 42. Kf4 Kc4 43. c6 {Black resigns} 1-0

[Event "Team 45 45 League T69"]
[Site "Internet Chess Club"]
[Date "2016.07.05"]
[Round "4"]
[White "kingsrook"]
[Black "Toalla"]
[Result "1-0"]
[WhiteElo "1362"]
[BlackElo "1262"]
[Opening "Grünfeld: exchange variation"]
[ECO "D85"]
[Time "16:02:37"]
[TimeControl "2700+45"]

1. d4 d5 2. c4 Nf6 3. Nc3 g6 4. cxd5 Nxd5 5. e4 Nxc3 6. bxc3 Bg7 7. Bg5 f6 8.
Be3 Nc6 9. Nf3 O-O 10. Be2 b6 11. O-O e6 12. Rc1 Bb7 13. Qd2 Qe7 14. Rfd1 Nd8
15. d5 Nf7 16. c4 Rfd8 17. Qc2 a5 18. a4 Kh8 19. Rd2 Rac8 20. Rcd1 c5 21. dxc6
Rxc6 22. Rxd8+ Nxd8 23. Qd3 Nf7 24. Qd7 Bf8 25. Qxe7 Bxe7 26. Rd7 {Black
resigns} 1-0

[Event "Team 45 45 League T69"]
[Site "Internet Chess Club"]
[Date "2016.07.02"]
[Round "4"]
[White "KnightmanAJ"]
[Black "mongmong"]
[Result "0-1"]
[WhiteElo "1296"]
[BlackElo "1525"]
[Opening "French: advance, Paulsen attack"]
[ECO "C02"]
[Time "18:00:22"]
[TimeControl "2700+45"]

1. e4 e6 2. d4 d5 3. e5 c5 4. c3 Nc6 5. Nf3 Qb6 6. a3 Nh6 7. Bd3 cxd4 8. cxd4
Nf5 9. Bxf5 exf5 10. O-O Be6 11. Nc3 Be7 12. b4 O-O 13. Qb3 Nxd4 14. Nxd5 Nxf3+
15. Qxf3 Qd8 16. Nxe7+ Qxe7 17. Rd1 Rfd8 18. Be3 b6 19. Rxd8+ Rxd8 20. Rd1 Rxd1+
21. Qxd1 Qd7 22. Qxd7 Bxd7 23. Kf1 Kf8 24. Ke2 Ke7 25. Kd3 Ke6 26. Bf4 Kd5 27.
h4 a6 28. Kc3 b5 29. Kd3 Bc6 30. f3 g6 31. g4 fxg4 32. fxg4 Bd7 33. g5 Bf5+ 34.
Ke3 Kc4 35. Kd2 Kb3 36. Ke3 Kxa3 37. Kd4 Kxb4 38. Kd5 Bd3 39. Kd6 Kb3 40. e6
fxe6 41. Kxe6 a5 42. Kf7 Be2 43. Kg7 a4 44. Kxh7 Bh5 45. Kg7 b4 46. Kf6 Kc2 47.
Ke5 b3 48. Kd4 b2 49. Ke4 a3 50. Ke3 a2 51. Kf2 b1=Q 52. Kg2 a1=Q 53. Kh3 Qh1+
54. Bh2 Qa3# {White checkmated} 0-1